AoeStats
← TheQuietRiot

Arabia

506430562Analyzed
1v1 RM · 20d ago on Sep 13, 2026· 21m 46s· 2 players
Game mode
Random Map
Map size
Tiny (2 player)
Population
200
Speed
Normal
Resources
Standard
Victory
Conquest
Starting age
Dark Age
Ending age
Imperial Age
RankedLock teamsTeams togetherTeam positionsShared explorationLock speedFull tech treeHidden civsTurbo modeCheats
Victory
Defeat
🇬🇧 Teutons · United Kingdom
904
+16
🇦🇷 Franks · Argentina
897
-16
Sir_Marx
10:07 Feudal Age
16:49 Forging
16:45 Scale Barding Armor
21:56 Castle Age
TheQuietRiot
10:42 Feudal Age
9:25 Loom
11:12 Double-Bit Axe
17:02 Castle Age
15:24 Horse Collar
16:32 Forging
16:30 Scale Barding Armor
16:30 Gold Mining
20:46 Iron Casting
Connection lost

Rejoining the realm…

Still unreachable

The connection could not be restored.

Session expired

The server has moved on; the page needs a fresh start.